 Dungeon Crawl Stone Soup version 0.22-a0-469-gf26638a (webtiles) character file.

9827 galech the Fighter (level 11, -16/183 HPs)
             Began as an Ogre Berserker on June 11, 2018.
             Was an Elder of Trog.
             Killed from afar by Erica (21 damage)
             ... with an orb of energy
             ... on level 1 of the Orcish Mines.
             The game lasted 00:17:13 (11880 turns).

galech the Fighter (Ogre Berserker)                Turns: 11880, Time: 00:17:14

Health: -16/183    AC:  9    Str: 31    XL:     11   Next: 52%
Magic:  11/11      EV: 12    Int: 13    God:    Trog [****..]
Gold:   923        SH:  0    Dex:  8    Spells: 10/10 levels left

rFire    . . .     SeeInvis .   E - +9 staff of Wucad Mu {channel}
rCold    . . .     Gourm    .   (no shield)
rNeg     . . .     Faith    .   I - +0 troll leather armour
rPois    .         Spirit   .   (helmet restricted)
rElec    .         Reflect  .   (no cloak)
rCorr    .         Harm     .   (gloves unavailable)
MR       +++..                  (boots unavailable)
Stlth    ..........             y - amulet of regeneration
HPRegen  2.20/turn              n - +4 ring of protection
MPRegen  0.12/turn              G - +5 ring of intelligence

@: berserking (expiring), regenerating, very quick
A: large, unfitting armour, tough skin 1
a: Berserk, Trog's Hand, Brothers in Arms, Renounce Religion


You were on level 1 of the Orcish Mines.
You worshipped Trog.
Trog was greatly pleased with you.
You were very hungry.

You visited 2 branches of the dungeon, and saw 12 of its levels.

You collected 923 gold pieces.

Inventory:

Hand Weapons
 a - a +0 mace
 E - the +9 staff of Wucad Mu (weapon) {channel}
   (You found it on level 8 of the Dungeon)
Armour
 b - a +0 animal skin
 H - a +0 robe of resistance
 I - a +0 troll leather armour (worn)
Jewellery
 n - a +4 ring of protection (left hand)
 y - an amulet of regeneration (around neck)
 G - a +5 ring of intelligence (right hand)
 L - an uncursed ring of fire
Wands
 f - a wand of disintegration (9)
 w - a wand of flame (10)
 C - a wand of acid (5)
 J - a wand of polymorph (7)
Scrolls
 g - 2 scrolls of amnesia
 i - 3 scrolls of teleportation
 j - 4 scrolls of remove curse
 l - 3 scrolls of identify
 m - 2 scrolls of fear
 p - 3 scrolls of immolation
 s - a scroll of noise
 u - a scroll of blinking
 v - 2 scrolls of enchant armour
 K - a scroll of acquirement
 M - a scroll of fog
Potions
 d - a potion of cancellation {unknown}
 e - 2 potions of flight {unknown}
 h - 3 potions of berserk rage {unknown}
 k - 2 potions of degeneration {unknown}
 o - 4 potions of curing {unknown}
 q - 2 potions of mutation {unknown}
 r - 2 potions of resistance {unknown}
 t - a potion of haste {unknown}
 x - 2 potions of brilliance {unknown}
 z - 2 potions of lignification {unknown}
 A - 2 potions of heal wounds
 B - a potion of invisibility {unknown}
 D - a potion of magic {unknown}
Comestibles
 c - 21 rations
 F - 5 chunks of flesh


   Skills:
 + Level 11.6 Fighting
 + Level 9.5(10.2) Maces & Flails
 + Level 6.3(9.2) Staves
 + Level 2.7 Armour
 + Level 8.3 Dodging
 + Level 3.3 Stealth


You had 10 spell levels left.
You didn't know any spells.
Your spell library was empty.

Dungeon Overview and Level Annotations

Branches:
Dungeon (10/15)            Temple (0/1) D:7            Lair (0/6) D:10
    Orc (2/2) D:10
    Elf: Orc:2

Altars:
Ashenzari
Dithmenos
Kikubaaqudgha
Trog
Uskayaw
Vehumet
Xom
The Shining One

Shops:
D:7 [   D:10 ([

Annotations:
D:10 2 runed doors
Orc:1 Erica


Innate Abilities, Weirdness & Mutations

You are too large for most types of armour.
You have tough skin. (AC +1)


Message History

You kill Snorg!
Trog accepts your kill.
The troll leather armour {Snorg} is intact enough to wear.
Your base Staves skill increases to level 6!
You sock something! Something hits you!
* * * LOW HITPOINT WARNING * * *
Something burns you.
* * * LOW HITPOINT WARNING * * *
You closely miss something. You sock something! You sock something!
Something hits you!
* * * LOW HITPOINT WARNING * * *
Something burns you.
* * * LOW HITPOINT WARNING * * *
You miss something. You thump something!
You hear some strange, mumbled words.
An orb of energy appears from out of thin air!
The orb of energy hits you!
You die...

......# _....
.. ## . .....
... .# .. ...#
.... .# ...##
...##.... ##
......#........
#
......#[.......
#
#......@{......
.#.............
##.........#..
#........###
#..........#
##...........
#.............
..............#
.....##........


There were no monsters in sight!

Vanquished Creatures
  Snorg (Orc:1)
  2 two-headed ogres (D:9)
  A wizard (D:10)
  An ugly thing (D:10)
  Psyche (D:9)
  A centaur skeleton (D:10)
  2 trolls
  A hornet (D:7)
  A hippogriff (D:10)
  A spriggan (D:7)
  3 yaks (D:9)
  A wyvern (D:10)
  Eustachio (D:7)
  2 basilisks (D:10)
  A hornet zombie (D:8)
  A swamp drake (D:10)
  A phantom (D:7)
  3 sky beasts
  3 ogres
  4 orc warriors
  A necrophage (D:9)
  A black bear (D:8)
  2 crocodiles (D:10)
  3 centaurs
  7 bullfrogs
  A gnoll sergeant (D:10)
  A wyvern zombie (D:8)
  3 scorpions
  A water moccasin skeleton (D:7)
  5 killer bees (D:7)
  An electric eel (D:10)
  2 bullfrog zombies
  A howler monkey (D:4)
  8 crimson imps
  A quasit (D:9)
  4 hounds
  11 orc wizards
  A gnoll shaman (D:10)
  5 orc priests
  3 jellies
  An iguana (D:8)
  6 worker ants
  A hound zombie (D:5)
  2 hound skeletons
  2 howler monkey skeletons
  7 gnolls (D:10)
  11 adders
  A shadow imp (D:6)
  3 oozes
  2 adder zombies
  2 worms
  An adder skeleton (D:4)
  A dart slug (D:2)
  6 leopard geckos
  41 orcs
  4 giant cockroaches
  A goblin (D:1)
  5 hobgoblins
  10 jackals
  3 quokkas
  A ball python (D:1)
  5 bats
  2 frilled lizards
  A giant cockroach zombie (D:6)
  4 kobolds
  A leopard gecko zombie (D:7)
  A quokka skeleton (D:4)
  A quokka zombie (D:6)
  6 rats
226 creatures vanquished.

Notes
Turn   | Place    | Note
-------+----------+-------------------------------------------
     0 | D:1      | galech the Ogre Berserker began the quest for the Orb.
     0 | D:1      | Reached XP level 1. HP: 24/24 MP: 1/1
   426 | D:1      | Reached XP level 2. HP: 30/33 MP: 2/2
   594 | D:1      | Reached XP level 3. HP: 35/40 MP: 3/3
  1087 | D:2      | Reached XP level 4. HP: 40/49 MP: 4/4
  1418 | D:3      | Reached ** piety under Trog
  1418 | D:3      | Reached skill level 5 in Fighting
  1686 | D:3      | Found a shimmering altar of Xom.
  1983 | D:3      | Reached XP level 5. HP: 27/57 MP: 5/5
  2740 | D:4      | Noticed an ogre
  2777 | D:4      | Killed an ogre
  2827 | D:4      | Reached XP level 6. HP: 36/66 MP: 6/6
  3283 | D:4      | Found a hide-covered altar of Uskayaw.
  3283 | D:4      | Found a glowing golden altar of the Shining One.
  3381 | D:4      | Reached skill level 5 in Maces & Flails
  3796 | D:5      | Entered Level 5 of the Dungeon
  3806 | D:5      | Reached skill level 1 in Stealth
  4161 | D:5      | Reached skill level 6 in Fighting
  4161 | D:5      | Reached XP level 7. HP: 65/75 MP: 7/7
  4792 | D:6      | Found an ancient bone altar of Kikubaaqudgha.
  5187 | D:6      | Reached XP level 8. HP: 51/84 MP: 8/8
  5299 | D:6      | Noticed Eustachio
  5610 | D:6      | Reached skill level 7 in Fighting
  7341 | D:7      | Reached skill level 5 in Dodging
  7546 | D:7      | Found a shattered altar of Ashenzari.
  7554 | D:7      | Found a staircase to the Ecumenical Temple.
  7559 | D:7      | Found Miyxkusk's Antique Armour Shoppe.
  7850 | D:7      | Reached skill level 8 in Fighting
  7850 | D:7      | Reached XP level 9. HP: 64/96 MP: 9/9
  8161 | D:7      | Reached *** piety under Trog
  8551 | D:7      | Killed Eustachio
  8657 | D:7      | Noticed a hornet
  8660 | D:7      | Paralysed by a hornet for 1 turns
  8671 | D:7      | Killed a hornet
  8966 | D:8      | Reached skill level 9 in Fighting
  9358 | D:8      | Found a radiant altar of Vehumet.
  9359 | D:8      | Found a shadowy altar of Dithmenos.
  9534 | D:8      | Found the +9 staff of Wucad Mu {channel}
  9855 | D:9      | Reached XP level 10. HP: 99/107 MP: 10/10
  9867 | D:9      | Noticed a two-headed ogre
  9868 | D:9      | Noticed a two-headed ogre
  9880 | D:9      | Reached skill level 1 in Staves
  9887 | D:9      | Killed a two-headed ogre
  9887 | D:9      | Reached skill level 10 in Fighting
  9893 | D:9      | Killed a two-headed ogre
 10104 | D:9      | Noticed Psyche
 10148 | D:9      | Killed Psyche
 10446 | D:10     | Entered Level 10 of the Dungeon
 10493 | D:10     | Found a glowing golden altar of the Shining One.
 10560 | D:10     | Found a large runed door.
 10564 | D:10     | Found a large runed door.
 10574 | D:10     | Reached **** piety under Trog
 10577 | D:10     | Reached skill level 1 in Armour
 10671 | D:10     | Found a large runed door.
 10671 | D:10     | Found a large runed door.
 10781 | D:10     | Reached XP level 11. HP: 60/119 MP: 11/11
 10893 | D:10     | Reached skill level 11 in Fighting
 10921 | D:10     | Found Woarod's Armour Shoppe.
 10922 | D:10     | Found a staircase to the Orcish Mines.
 10924 | D:10     | Found Ugugat's Weapon Shoppe.
 11293 | D:10     | Found a staircase to the Lair.
 11306 | D:10     | Reached skill level 5 in Staves
 11568 | D:10     | Noticed a wizard
 11578 | D:10     | Paralysed by a wizard for 2 turns
 11581 | D:10     | Killed a wizard
 11609 | D:10     | Noticed a brown ugly thing
 11624 | D:10     | Killed a brown ugly thing
 11759 | Orc:1    | Entered Level 1 of the Orcish Mines
 11787 | Orc:1    | Identified a scroll of acquirement
 11845 | Orc:2    | Entered Level 2 of the Orcish Mines
 11859 | Orc:1    | Found a bloodstained altar of Trog.
 11859 | Orc:1    | Noticed Erica
 11859 | Orc:1    | Noticed Snorg
 11874 | Orc:1    | Killed Snorg
 11878 | Orc:1    | HP: 7/183 [something (15)]
 11878 | Orc:1    | HP: 3/183 [something (4)]
 11880 | Orc:1    | Killed from afar by Erica

Vault maps used:
D:1:      lemuel_arrival_lava_pool
D:3:      xom_teletrap_fun, first_ration
D:4:      gammafunk_temple_overflow_pools
D:5:      wad_pebble_path
D:6:      kiku_gazebo_garden_becter, serial_bayou_pond_d, minmay_joined_circles,
          uniq_eustachio
D:7:      ashenzari_altar_1, minmay_temple_entry_mist, serial_shops, shop,
          the_bakery
D:8:      grunt_temple_overflow_open
D:9:      uniq_psyche
D:10:     erik_lair_dragon, orc_david_3, serial_bayou, serial_bayou_shore_b,
          serial_bayou_pond_d, serial_bayou_shore_b, serial_bayou_pond_c,
          basic_altar, minmay_hollow_rounded_squares
Orc:1:    basic_altar, enter_bailey_2, sword_in_stone, uniq_erica, uniq_maurice,
          uniq_snorg
Orc:2:    st_orc_rangers

Skill      XL: |  1  2  3  4  5  6  7  8  9 10 11 |
---------------+----------------------------------+-----
Maces & Flails | 3 4 5 6 7 9 |  9.5
Dodging        | 3 4 5 6 7 8 |  8.3
Fighting       | 5 6 8 9 10 11 | 11.6
Stealth        | 1 2 3 |  3.3
Staves         | 4 6 |  6.3
Armour         | 1 2 |  2.7

Action                   |  1- 3 |  4- 6 |  7- 9 | 10-12 || total
-------------------------+-------+-------+-------+-------++-------
Melee: Mace              |    77 |   187 |   489 |       ||   753
       Staff             |       |       |    32 |   306 ||   338
Invok: Berserk           |       |     4 |     5 |     7 ||    16
       Trog's Hand       |       |     2 |     3 |     6 ||    11
  Use: Scroll            |       |       |       |    11 ||    11
 Stab: Sleeping          |       |     1 |     2 |     1 ||     4
  Eat: Chunk             |     1 |    11 |    13 |    15 ||    40
       Ration            |       |     1 |     3 |       ||     4
Armor: Animal skin       |    25 |    49 |   167 |    12 ||   253
       Troll leather arm |       |       |       |    88 ||    88
Dodge: Dodged            |    52 |   105 |   312 |   165 ||   634

Table legend:
 A = Spawn XP
 B = Non-spawn XP
 C = Spawn XP percentage of total XP
 D = Spawn monster count
 E = Non-spawn monster count
 F = Spawn count percentage of total count
 G = Total turns spent on level
                    A         B        C        D         E        F      G
               +---------+---------+-------+---------+---------+-------+---------
         Total |       0 |   14039 |   0.0 |       0 |     226 |   0.0 | 11880
               +---------+---------+-------+---------+---------+-------+---------
           D:1 |       0 |      39 |   0.0 |       0 |      18 |   0.0 |   735
           D:2 |       0 |      49 |   0.0 |       0 |      12 |   0.0 |   564
           D:3 |       0 |      91 |   0.0 |       0 |      14 |   0.0 |  1359
           D:4 |       0 |     356 |   0.0 |       0 |      19 |   0.0 |  1138
           D:5 |       0 |     232 |   0.0 |       0 |      11 |   0.0 |  1311
           D:6 |       0 |     925 |   0.0 |       0 |      27 |   0.0 |  2144
           D:7 |       0 |    1953 |   0.0 |       0 |      34 |   0.0 |  1656
           D:8 |       0 |     690 |   0.0 |       0 |      11 |   0.0 |   844
           D:9 |       0 |    4061 |   0.0 |       0 |      26 |   0.0 |   695
          D:10 |       0 |    4201 |   0.0 |       0 |      47 |   0.0 |  1313
         Orc:1 |       0 |    1439 |   0.0 |       0 |       6 |   0.0 |   111
         Orc:2 |       0 |       3 |   0.0 |       0 |       1 |   0.0 |    10
               +---------+---------+-------+---------+---------+-------+---------
